Map: 16-Bit LE

Players

Gerald

  • Race: Protoss Protoss
  • Spawn Location: 7:00

SKillous (Elroye) - Winner!

  • Race: Zerg Zerg
  • Spawn Location: 1:00

Event: WCS Valencia 2018

VOD

Have the link to the VOD?

Description

Time

  • Played on: July 12, 2018, 7:15 a.m.
  • Length: 22:25

All games in this series

Show
View Real Time Build Order
Export as new Build Order

Gerald Protoss 

Build Orders: 1 Gate Expand, Oracle Opening, Archon Immortal, Zealot Archon, Archon Drop 

Get SALT Encoding   

  12  0:01  Probe  
  13  0:13  Probe  
  14  0:18  Pylon  
  14  0:25  Probe  
  15  0:35  Probe  
  15  0:36  Gateway  
  16  0:46  Probe, Assimilator  
  17  0:58  Probe  
  18  1:10  Probe  
  19  1:22  Probe  
  20  1:29  Nexus  
  20  1:34  Probe  
  21  1:42  Cybernetics Core  
  21  1:46  Probe  
  21  1:59  Probe  
  22  2:01  Pylon  
  22  2:04  Assimilator  
  22  2:10  Adept  
  22  2:11  Probe  
  22  2:13  Pylon  
  25  2:23  Probe  
  26  2:33  Adept, Stargate  
  26  2:35  Probe  
  27  2:42  Probe  
  30  2:48  Warp Gate, Probe  
  31  2:55  Adept  
  31  2:58  Probe  
  31  3:04  Probe  
  35  3:09  Oracle  
  35  3:10  Probe  
  36  3:16  Probe  
  40  3:23  Probe  
  41  3:28  Probe  
  41  3:32  Probe  
  42  3:36  Oracle, Assimilator  
  42  3:37  Assimilator  
  42  3:40  Probe x2  
  48  3:49  Probe  
  48  3:53  Probe  
  50  4:01  Probe  
  49  4:04  Robotics Facility  
  47  4:16  Phoenix  
  47  4:19  Probe x2  
  47  4:23  Pylon  
  48  4:31  Probe  
  48  4:32  Probe  
  48  4:37  Twilight Council  
  50  4:43  Probe  
  50  4:44  Probe  
  52  4:54  Gateway  
  52  4:56  Charge, Probe x2  
  52  4:57  Gateway  
  52  4:59  Gateway  
  54  5:00  Gateway  
  54  5:08  Pylon  
  54  5:10  Shield Battery  
  54  5:17  Templar Archives  
  54  5:22  Gateway  
  54  5:24  Warp Prism  
  54  5:26  Probe x2  
  54  5:27  Adept  
  60  5:38  Probe x2  
  61  5:49  Adept  
  61  5:50  Probe  
  61  5:51  Pylon  
  61  5:56  Pylon  
  62  6:03  Observer  
  62  6:06  Pylon  
  62  6:07  Nexus  
  62  6:09  Probe x2  
  64  6:23  High Templar x3  
  64  6:24  Zealot, High Templar  
  74  6:27  Forge  
  74  6:28  Archon x2  
  74  6:30  Probe  
  74  6:32  Zealot, Pylon  
  77  6:36  Immortal, Probe  
  82  6:42  Probe  
  83  6:53  Zealot x2  
  87  6:55  Zealot x3  
  89  7:04  Zealot  
  81  7:18  Probe x2  
  81  7:20  Probe  
  82  7:24  Shield Battery  
  82  7:28  Shield Battery  
  82  7:29  High Templar x4  
  90  7:30  Zealot x2, Pylon, Probe  
  90  7:31  Probe  
  90  7:32  Probe  
  90  7:33  Assimilator  
  90  7:34  Assimilator  
  90  7:35  Immortal  
  101  7:40  Psionic Storm  
  101  7:42  Probe  
  98  7:50  Probe x2  
  100  7:54  Probe  
  101  8:02  Probe x2  
  101  8:04  Robotics Facility  
  103  8:08  Gateway  
  103  8:09  Gateway  
  103  8:10  Pylon  
  103  8:14  Immortal  
  103  8:16  Protoss Ground Weapons Level 1  
  107  8:20  Zealot x3, High Templar x2  
  117  8:27  Pylon  
  117  8:29  Pylon  
  117  8:31  Pylon  
  117  8:41  Probe  
  118  8:47  Immortal  
  118  8:49  Zealot, High Templar x2  
  118  8:50  Zealot  
  118  8:52  Observer  
  127  8:58  Nexus  
  127  9:01  Pylon  
  131  9:09  Probe  
  129  9:10  Immortal, Probe  
  129  9:15  Zealot x2  
  129  9:16  Immortal  
  134  9:20  High Templar  
  140  9:29  Photon Cannon  
  144  9:31  Pylon  
  144  9:44  Immortal  
  142  9:48  Zealot x6  
  154  9:55  Immortal  
  158  10:05  Zealot x2  
  142  10:14  Immortal  
  142  10:21  Probe  
  137  10:25  Immortal, High Templar x4  
  137  10:26  Zealot x4  
  137  10:28  Assimilator  
  153  10:32  Archon  
  153  10:33  Archon, Assimilator  
  157  10:39  Photon Cannon  
  157  10:46  Photon Cannon, Shield Battery  
  157  10:47  Shield Battery  
  157  10:53  Immortal  
  157  10:56  Zealot x4  
  163  11:04  Immortal  
  163  11:10  Zealot x4  
  159  11:28  Zealot x4  
  145  11:35  Probe  
  145  11:37  Zealot x3  
  104  11:53  Zealot x5  
  94  11:56  Immortal x2  
  94  12:04  Probe  
  94  12:06  Probe  
  92  12:21  High Templar x2  
  92  12:22  High Templar x2  
  96  12:26  Probe  
  96  12:27  Warp Prism  
  96  12:29  Archon x2  
  97  12:36  Probe  
  99  12:37  Probe  
  99  12:38  High Templar x3  
  99  12:39  High Templar, Probe  
  110  12:45  Probe x2  
  112  12:51  Probe  
  112  12:56  Zealot x2, High Templar  
  119  13:03  Archon  
  119  13:10  Stalker  
  119  13:11  Stalker  
  121  13:16  Probe  
  121  13:17  Probe  
  123  13:22  Pylon  
  123  13:24  Pylon  
  123  13:31  Zealot x5  
  124  13:44  Zealot x2  
  124  13:45  Zealot  
  118  13:53  Zealot x2  
  114  14:06  Immortal  
  115  14:19  Observer  
  116  14:28  Zealot x5  
  116  14:52  Warp Prism, Probe  
  111  15:00  High Templar x2  
  111  15:01  Zealot x5  
  119  15:10  Immortal  
  119  15:11  Probe  
  122  15:20  Zealot  
  108  15:34  Nexus  
  106  16:03  Sentry  
  105  16:08  Warp Prism  
  107  16:13  Zealot x2  
  106  16:33  Sentry  
  91  17:07  High Templar  
  91  17:08  Zealot x4, High Templar  
  96  17:33  Archon  
  96  17:37  Archon  
  74  17:46  Zealot x4, High Templar  
  60  19:07  Cybernetics Core  
  60  19:10  Cybernetics Core  
  60  19:20  Pylon  
  60  19:21  Pylon  
  56  20:04  Nexus  
  56  20:49  Pylon  
  52  21:40  Robotics Facility  
  50  22:00  Stalker  
  49  22:01  Sentry  
Show
View Real Time Build Order
Export as new Build Order

SKillous Zerg - Winner!

Build Orders: Hatch First, Roach Hydra 

Get SALT Encoding   

  12  0:01  Drone  
  13  0:12  Overlord  
  13  0:17  Drone  
  14  0:31  Drone x2  
  14  0:34  Drone  
  17  0:54  Hatchery  
  17  0:56  Drone  
  17  1:00  Drone  
  18  1:09  Extractor  
  17  1:15  Spawning Pool  
  16  1:19  Drone  
  16  1:22  Drone  
  18  1:28  Drone  
  19  1:41  Overlord  
  19  1:52  Drone  
  20  2:00  Drone  
  21  2:05  Queen  
  21  2:06  Queen  
  21  2:08  Drone  
  26  2:13  Metabolic Boost  
  26  2:16  Drone  
  26  2:20  Drone  
  28  2:26  Drone  
  29  2:39  Hatchery  
  28  2:46  Queen  
  28  2:49  Zergling x2  
  28  2:51  Zergling x2  
  32  2:54  Drone  
  32  2:57  Overlord  
  33  3:03  Drone x2  
  35  3:07  Drone  
  36  3:16  Drone  
  36  3:17  Drone  
  36  3:19  Overlord  
  38  3:21  Drone x3  
  41  3:29  Zergling x2  
  41  3:32  Zergling x2  
  42  3:41  Zergling x2  
  42  3:48  Overlord, Drone x2  
  45  3:51  Queen  
  46  4:01  Drone x4  
  47  4:12  Drone x5  
  47  4:15  Drone  
  47  4:16  Drone  
  49  4:31  Extractor  
  49  4:33  Drone  
  49  4:34  Drone x8  
  56  4:39  Drone x2  
  56  4:46  Queen  
  56  4:47  Lair  
  56  4:51  Spore Crawler  
  58  4:56  Drone x4  
  62  5:00  Extractor  
  62  5:02  Extractor, Drone x2, Roach Warren  
  62  5:03  Drone x2  
  63  5:07  Queen  
  65  5:17  Overlord x2  
  65  5:18  Overlord  
  65  5:32  Overlord  
  65  5:33  Overlord x2  
  65  5:41  Evolution Chamber  
  64  5:45  Glial Reconstitution  
  64  5:46  Roach x5  
  64  5:48  Drone x4  
  64  5:49  Drone  
  77  5:58  Drone x4  
  77  6:01  Extractor  
  77  6:03  Drone x3  
  83  6:05  Extractor  
  85  6:18  Roach x3  
  85  6:19  Roach x2  
  85  6:20  Hydralisk Den  
  85  6:21  Extractor  
  85  6:25  Drone x4  
  91  6:27  Zerg Missile Weapons Level 1  
  91  6:28  Overlord  
  93  6:40  Drone  
  93  6:42  Drone  
  93  6:44  Hatchery, Roach x2  
  93  6:45  Roach x4  
  106  6:58  Hydralisk x3  
  106  6:59  Roach x3  
  91  7:19  Drone x4  
  91  7:20  Drone x5  
  98  7:23  Drone  
  99  7:32  Drone x5  
  102  7:45  Drone x3  
  102  7:53  Drone x5  
  102  7:54  Queen  
  109  8:02  Drone  
  109  8:04  Muscular Augments  
  109  8:05  Overlord x3  
  110  8:08  Queen, Drone x5  
  110  8:11  Overseer  
  117  8:23  Hydralisk x6  
  129  8:27  Hydralisk x2  
  129  8:28  Roach x2  
  129  8:29  Roach  
  139  8:36  Hydralisk  
  139  8:37  Roach  
  143  8:45  Overlord x3  
  143  8:46  Pneumatized Carapace  
  143  8:47  Zerg Missile Weapons Level 2  
  143  8:55  Overlord, Drone  
  144  9:10  Extractor, Hydralisk x5  
  144  9:11  Hydralisk, Roach x5  
  144  9:14  Spine Crawler  
  144  9:15  Grooved Spines  
  164  9:24  Hydralisk x3  
  164  9:25  Roach x3  
  164  9:26  Overlord  
  164  9:30  Overlord  
  176  9:33  Overlord x2  
  162  10:01  Hydralisk x2  
  162  10:02  Hydralisk x3, Roach x3  
  162  10:03  Roach x2  
  162  10:05  Drone x6  
  162  10:06  Drone  
  188  10:08  Drone  
  186  10:20  Hydralisk x2  
  188  10:21  Roach x2  
  190  10:50  Drone x4  
  190  10:51  Drone x6  
  198  11:02  Hydralisk x2  
  194  11:23  Hydralisk x4  
  194  11:24  Roach x3  
  180  11:33  Hydralisk  
  180  11:36  Roach x2  
  157  11:51  Hydralisk x3, Roach  
  157  11:52  Roach  
  141  12:09  Hydralisk  
  141  12:10  Hydralisk x2, Roach x2  
  141  12:11  Roach  
  143  12:24  Hydralisk x2  
  143  12:25  Roach  
  143  12:26  Hatchery  
  148  12:36  Hydralisk x2  
  142  12:37  Roach x2  
  142  12:38  Overseer  
  142  12:41  Queen  
  152  12:48  Hydralisk x2  
  152  12:49  Roach x2  
  160  12:56  Zerg Ground Armor Level 1  
  160  12:58  Lurker Den  
  159  13:15  Hydralisk x2  
  159  13:16  Hydralisk x4, Roach x3  
  159  13:17  Roach x3  
  147  13:56  Hydralisk x2  
  147  13:57  Hydralisk x3, Roach x3  
  147  13:58  Roach  
  161  14:10  Hydralisk x5, Roach  
  161  14:11  Roach x3  
  161  14:13  Roach x3  
  161  14:14  Queen  
  185  14:28  Hydralisk x2  
  185  14:29  Roach  
  187  14:48  Hatchery  
  187  14:51  Hydralisk x3, Roach  
  187  14:52  Overlord, Roach x2  
  148  15:34  Roach x3  
  152  15:36  Hydralisk x4, Roach  
  152  15:37  Roach x2  
  152  15:40  Hatchery  
  159  15:46  Spire  
  159  15:49  Hydralisk x2, Roach  
  160  15:55  Hydralisk  
  162  16:09  Hydralisk x3  
  162  16:10  Roach x2  
  162  16:27  Hydralisk x2, Roach  
  162  16:28  Roach  
  155  16:44  Hydralisk x3, Roach  
  155  16:45  Roach  
  152  17:05  Mutalisk x6  
  152  17:06  Extractor  
  159  17:10  Extractor  
  159  17:11  Spine Crawler x4, Mutalisk x2  
  159  17:13  Lurker x2  
  160  17:20  Mutalisk  
  160  17:21  Zergling x2  
  163  17:26  Lurker  
  158  17:44  Mutalisk x2  
  128  17:45  Zergling x10  
  62  19:10  Hatchery  
  61  19:28  Lurker  
  59  19:47  Lurker  
  60  20:02  Lurker  
  61  20:08  Overseer  
  61  20:20  Lurker  
  62  20:42  Mutalisk x2  
  66  20:51  Drone x2  
  66  20:52  Extractor  
  67  20:57  Mutalisk  
  67  21:02  Mutalisk  
  57  21:23  Mutalisk  
  51  21:52  Mutalisk  
Tags
 
Add a new tag
Caveats
  • Supply blocks, unpowered buildings, or Contaminate may cause inaccurate times.
  • Supply counts are checked every 10 seconds.